AoeStats
← goodluckfriday

Four Lakes

509833065Analyzed
1v1 RM · 5d ago on Sep 28, 2026· 40m 10s· 2 players
Game mode
Random Map
Map size
Tiny (2 player)
Population
200
Speed
Normal
Resources
Standard
Victory
Conquest
Starting age
Dark Age
Ending age
Imperial Age
RankedLock teamsTeams togetherTeam positionsShared explorationLock speedFull tech treeHidden civsTurbo modeCheats
Victory
Defeat
🇨🇳 Franks · China
582
+22
🇦🇺 Wei · Australia
549
-14
goodluckfriday
11:24 Feudal Age
11:53 Loom
16:56 Forging
17:09 Horse Collar
18:12 Bloodlines
21:29 Scale Barding Armor
26:22 Scale Mail Armor
30:40 Fletching
34:39 Castle Age
33:33 Padded Archer Armor
34:56 Crossbowman
38:39 Pikeman
NDesire
0:46 Loom
15:41 Feudal Age
17:02 Wheelbarrow
17:43 Double-Bit Axe
19:12 Gold Mining
25:02 Scale Barding Armor
25:08 Forging
30:13 Castle Age
31:15 Hand Cart
31:47 Gold Shaft Mining
31:06 Stone Mining
31:47 Husbandry
31:08 Light Cavalry
36:10 Chain Barding Armor
36:25 Iron Casting
Connection lost

Rejoining the realm…

Still unreachable

The connection could not be restored.

Session expired

The server has moved on; the page needs a fresh start.